 Dungeon Crawl Stone Soup version 0.19-a0-1732-g0b18a7b (webtiles) character file.

50 junb69 the Skirmisher (level 3, -1/36 HPs)
             Began as a Naga Abyssal Knight on Sept 30, 2016.
             Was a Follower of Lugonu.
             Slain by a gnoll
             ... wielding a +0 flail
              (3 damage)
             ... on level 2 of the Dungeon.
             The game lasted 00:03:04 (2074 turns).

junb69 the Skirmisher (Naga Abyssal Knight)         Turns: 2074, Time: 00:03:05

Health: -1/36      AC:  4    Str: 15    XL:     3   Next: 79%
Magic:  4/4        EV:  7    Int: 12    God:    Lugonu [*.....]
Gold:   131        SH:  0    Dex: 10    Spells: 0 memorised, 2 levels left

rFire  . . .     SeeInvis +     a - +1 spear
rCold  . . .     Gourm    .     d - +0 scale mail
rNeg   . . .     Faith    .     (no shield)
rPois  +         Spirit   .     (no helmet)
rElec  .         Dismiss  .     (no cloak)
rCorr  .         Reflect  .     (no gloves)
MR     .....     Harm     .     (no barding)
Stlth  ..........               (no amulet)
                                (no ring)
                                (no ring)

@: flying, very slightly contaminated, invisible, very slow
A: see invisible, deformed body, poison resistance, slowness 2, slow metabolism
1, spit poison 1, AC +1
a: Spit Poison, Depart the Abyss, Renounce Religion


You were on level 2 of the Dungeon.
You worshipped Lugonu.
Lugonu was aware of your devotion.
You were hungry.

You visited 1 branch of the dungeon, and saw 2 of its levels.
You visited the Abyss 1 time.

You collected 131 gold pieces.

Inventory:

Hand Weapons
 a - a +1 spear (weapon)
Armour
 d - a +0 scale mail (worn)
Scrolls
 h - a scroll of identify {unknown}
 i - 2 scrolls of teleportation {unknown}
 k - 2 scrolls of fear {unknown}
 n - a scroll of enchant weapon {unknown}
Potions
 e - a potion of flight
 l - a potion of lignification {unknown}
 m - a potion of curing
Comestibles
 c - a bread ration
 g - a slice of pizza
 j - 2 beef jerkies
 o - 5 chunks of flesh


   Skills:
 * Level 3.7 Fighting
 * Level 3.1 Polearms
 - Level 1.7 Armour
 - Level 0.7 Dodging
 - Level 2.0 Invocations


You had 2 spell levels left.
You didn't know any spells.

Dungeon Overview and Level Annotations

Branches:
Dungeon (2/15)

Altars:


Innate Abilities, Weirdness & Mutations

You cannot wear boots.
Your serpentine skin is tough. (AC +1)
You have supernaturally acute eyesight. (SInv)
Armour fits poorly on your strangely shaped body.
Your system is resistant to poisons. (rPois)
You cover ground very slowly.
You have a slow metabolism.
You can spit poison.


Message History

A gnoll comes into view. It is wielding a flail.
The gnoll shouts!
You see here a club.
It was a potion of curing.
You feel better.
It was a potion of flight.
You feel very buoyant.
You fly up into the air.
The gnoll hits you with a flail.
The gnoll hits you from afar with a spear!
It was a potion of cure mutation.
It has a very clean taste.
The gnoll hits you with a flail!
* * * LOW HITPOINT WARNING * * *
The gnoll hits you from afar with a spear.
* * * LOW HITPOINT WARNING * * *
It was a potion of invisibility.
You fade into invisibility!
The gnoll completely misses you. The gnoll barely misses you.
You are very lightly contaminated with residual magic.
The gnoll hits you with a flail.
You die...

##### #..#.# ....## #########
##)#.# ##...# #.......#
#.#.### #...# #.......#
#.#.... #...# #.......#
#.##### #...# #.......# #.#
#...# #.......# #.#
##'#####.......###########.#
# #....)).....gg@...........#
#############################
........................>#
###.####################)#
.##.# #.# ^##)# #.# ### ..#.#
##.### #.. #.#.# #....# #.#
#...# #####....# #.#


You could see 2 gnolls.

Vanquished Creatures
  2 gnolls (D:2)
  A leopard gecko (D:1)
  2 giant cockroaches
  3 goblins
  5 hobgoblins
  4 jackals (D:1)
  5 kobolds
  2 bats (D:1)
  2 frilled lizards
  4 rats (D:1)
30 creatures vanquished.

Notes
Turn   | Place    | Note
-------+----------+-------------------------------------------
     0 | Abyss:1  | junb69 the Naga Abyssal Knight began the quest for the Orb.
     0 | Abyss:1  | Reached XP level 1. HP: 21/21 MP: 2/2
    76 | Abyss:1  | Noticed a large abomination
    78 | D:1      | Escaped the Abyss
    90 | D:1      | Noticed an electric eel
    91 | D:1      | Noticed an electric eel
   526 | D:1      | Reached * piety under Lugonu
   526 | D:1      | Reached XP level 2. HP: 17/28 MP: 3/3
  1578 | D:2      | Reached XP level 3. HP: 28/34 MP: 4/4
  1756 | D:2      | Found a faded altar of an unknown god.
  2071 | D:2      | HP: 1/36 [gnoll/spear (1)]
  2074 | D:2      | Slain by a gnoll

Vault maps used:
D:1:      arrival_aquarium_b
D:2:      ecumenical_altar_2

Skill      XL: |  1  2  3 |
---------------+----------+-----
Polearms       | 3 |  3.1
Fighting       | |  3.7
Armour         | |  1.7
Dodging        | |  0.7
Invocations    | |  2.0

Action                   || total
-------------------------++-------
Melee: Spear             ||    95
Invok: Depart the Abyss  ||     1
 Abil: Spit Poison       ||     4
  Use: Potion            ||     4
  Eat: Chunk             ||     2
Armor: Leather armour    ||     5
       Scale mail        ||    34
Dodge: Dodged            ||    43
